 Dungeon Crawl Stone Soup version 0.27-a0-1200-g94dc6ad4cf (webtiles) character file.

Game seed: 3487343201198927916

114 freelancePsychic the Poker (level 4, 0/35 HPs)
             Began as a Demonspawn Abyssal Knight on May 31, 2021.
             Was a Believer of Lugonu.
             Slain by Grinder (3 damage)
             ... while paralysed by Grinder
             ... on level 4 of the Dungeon.
             The game lasted 00:04:51 (2780 turns).

freelancePsychic the Poker (DsAK)                   Turns: 2780, Time: 00:04:52

Health: 0/35       AC:  5    Str: 13 (14) XL:     4   Next: 67%
Magic:  14/14      EV:  2    Int: 11 (13) God:    Lugonu [**....]
Gold:   51         SH:  0    Dex: 11 (12) Spells: 3/3 levels left

rFire    . . .     SeeInvis .   a - +1 spear (freeze)
rCold    . . .     Faith    .   (no shield)
rNeg     . . .     Spirit   .   h - +0 leather armour
rPois    .         Reflect  .   (helmet restricted)
rElec    .         Harm     .   (no cloak)
rCorr    .         Rampage  .   (no gloves)
Will     .....                  (no boots)
Stlth    +.........             k - amulet of regeneration
HPRegen  1.11/turn              j - ring of magical power
MPRegen  0.14/turn              (no ring)

@: paralysed
A: antennae 1, slimy green scales 1
a: Renounce Religion, Depart the Abyss, Bend Space


You were on level 4 of the Dungeon.
You worshipped Lugonu.
Lugonu was pleased with you.
You visited 1 branch of the dungeon, and saw 4 of its levels.
You visited the Abyss 1 time.

You collected 51 gold pieces.

Inventory:

Hand Weapons
 a - a +1 spear of freezing (weapon)
 b - a +0 hunting sling
Missiles
 c - 17 poisoned darts
 e - 9 javelins
 g - 25 sling bullets
 l - 110 stones
Armour
 d - a +0 scale mail
 h - a +0 leather armour (worn)
Jewellery
 j - a ring of magical power (left hand)
 k - an amulet of regeneration (around neck)
Wands
 t - a wand of flame (10)
Scrolls
 m - a scroll of fear
 o - a scroll of vulnerability
Potions
 f - a potion of resistance
 i - a potion of haste {@q3}


   Skills:
 - Level 3.0 Fighting
 * Level 4.5 Polearms
 - Level 1.7 Armour
 - Level 0.8 Dodging
 - Level 2.4 Invocations


You had 3 spell levels left.
You didn't know any spells.
Your spell library contained the following spells:

 Spells                   Type           Power      Damage    Failure   Level
 Beastly Appendage        Tmut           0%         N/A       41%         1
 Magic Dart               Conj           0%         1d3       41%         1
 Blink                    Tloc           N/A        N/A       56%         2
 Call Imp                 Summ           0%         N/A       56%         2
 Slow                     Hex            0%         N/A       56%         2
 Wereblood                Tmut           0%         N/A       56%         2
 Conjure Flame            Conj/Fire      0%         6-21      80%         3
 Mephitic Cloud           Conj/Pois/Air  0%         N/A       80%         3
 Spider Form              Tmut/Pois      0%         N/A       80%         3
 Ice Form                 Ice/Tmut       0%         N/A       99%         4
 Hydra Form               Tmut           0%         N/A       100%        5


Dungeon Overview and Level Annotations

Branches:
Dungeon (4/15)
 Temple: D:4-7

Altars:

Annotations:
D:3 1 runed translucent door, Pooter's ghost, amateur DrAE
D:4 Grinder


Innate Abilities, Weirdness & Mutations

You have a pair of small antennae on your head.
You are partially covered in slimy green scales. (AC +2)


Message History

Grinder closely misses you.
You puncture Grinder!
Grinder is heavily wounded.
Grinder barely misses you.
You hit Grinder.
Grinder is severely wounded.
Grinder completely misses you.
You hit Grinder.
Grinder is severely wounded.
Grinder hits you.
You hit Grinder.
Grinder is severely wounded.
Grinder hits you.
You writhe in agony.
You hit Grinder but do no damage.
Grinder is severely wounded.
You hit Grinder but do no damage.
Grinder is severely wounded.
Grinder gestures at you. Pain shoots through your body!
You barely miss Grinder.
Grinder is severely wounded.
Grinder hits you.
You writhe in agony.
You hit Grinder but do no damage.
Grinder is severely wounded.
Grinder hits you!
* * * LOW HITPOINT WARNING * * *
You writhe in agony.
* * * LOW HITPOINT WARNING * * *
It was a potion of degeneration.
There was something very wrong with that liquid.
You feel weakened.
You feel dopey.
You feel clumsy.
A scorpion comes into view.
Grinder gestures at you.
You suddenly lose the ability to move!
Grinder hits you.
* * * LOW HITPOINT WARNING * * *
You writhe in agony.
* * * LOW HITPOINT WARNING * * *
Grinder hits you.
You die...

... #.(.#
...###...##
.........##
##........##
#..........#
#..........#
#.....5....#
#...).@....#
............#
...............
.......).......
.......(....s..
##..........###
#...<......#
#...........


You could see Grinder and a scorpion.

Vanquished Creatures
  Jessica (D:3)
  3 adders (D:3)
  2 worms (D:2)
  A dart slug (D:2)
  6 bats
  5 endoplasms
  2 giant cockroaches (D:1)
  8 goblins
  7 hobgoblins
  4 jackals
  4 kobolds
  A quokka (D:2)
  A ball python (D:2)
  2 frilled lizards
  4 rats
51 creatures vanquished.

Notes
Turn   | Place    | Note
-------+----------+-------------------------------------------
     0 | Abyss:1  | freelancePsychic the Demonspawn Abyssal Knight began the
                  | quest for the Orb.
     0 | Abyss:1  | Reached XP level 1. HP: 18/18 MP: 2/2
    24 | Abyss:1  | Noticed a small abomination
    67 | D:1      | Escaped the Abyss
   102 | D:1      | Reached skill level 2 in Polearms
   196 | D:1      | Gained mutation: You are partially covered in slimy green
                  | scales. (AC +2) [demonic ancestry]
   196 | D:1      | Reached XP level 2. HP: 23/24 MP: 3/3
   472 | D:1      | Found a faded altar of an unknown god.
   724 | D:1      | Reached skill level 3 in Polearms
   998 | D:2      | Reached ** piety under Lugonu
  1152 | D:2      | Reached XP level 3. HP: 22/29 MP: 4/4
  2037 | D:3      | Reached skill level 4 in Polearms
  2037 | D:3      | Gained mutation: You have a pair of small antennae on your
                  | head. [demonic ancestry]
  2037 | D:3      | Reached XP level 4. HP: 22/35 MP: 5/5
  2089 | D:3      | Noticed Jessica
  2098 | D:3      | Killed Jessica
  2419 | D:3      | Found a runed translucent door.
  2419 | D:3      | Noticed Pooter's ghost (amateur DrAE)
  2763 | D:4      | Noticed Grinder
  2778 | D:4      | Noticed a scorpion
  2778 | D:4      | Paralysed by Grinder for 4 turns
  2780 | D:4      | Slain by Grinder

Illustrated notes

Levels and vault maps discovered:
D:1:      wander_arrival_chamber, layout_loops_ring,
          shapermc_ecumenical_altar_notcrosses
D:2:      layout_basic, kennysheep_generic_room_16
D:3:      layout_loops_corners, serial_co_window_serial, co_window_paths_a,
          co_window_paths_a, co_window_paths_b, co_window_paths_a,
          co_window_paths_a, co_window_unsneaky_path_d, co_window_corner_ca,
          co_window_of_opportunity_b, co_window_of_opportunity_b,
          co_window_broadway_b, co_window_paths_c, co_window_corner_b,
          co_window_4corner_b, gammafunk_ghost_grave, feat_on_display,
          uniq_jessica
D:4:      layout_rooms, minmay_temple_entry_butterflies,
          nicolae_ossuary_entry_plus, minmay_a_box_with_orc_wizards_in_it,
          uniq_grinder

Skill      XL: |  1  2  3 |
---------------+----------+-----
Polearms       | 2 3 4 |  4.5
Fighting       | |  3.0
Armour         | |  1.7
Dodging        | |  0.8
Invocations    | |  2.4

Action                   |  1- 3 |  4- 6 || total
-------------------------+-------+-------++-------
Melee: Spear             |   145 |    32 ||   177
 Fire: Hunting sling     |    16 |     3 ||    19
  Use: Scroll            |     5 |     5 ||    10
       Potion            |       |     1 ||     1
 Stab: Sleeping          |       |     3 ||     3
Armor: Leather armour    |    39 |     3 ||    42
Dodge: Dodged            |    47 |     9 ||    56

Table legend: (Time is in decaauts)
 A = Elapsed time spent in this place.
 B = Non-inter-level travel time spent in this place.
 C = Inter-level travel time spent in this place.
 D = Time resting spent in this place.
 E = Time spent auto-exploring this place.
 F = Levels seen in this place.
 G = Mean time per level.
                   A        B        C        D        E       F      G
               +--------+--------+--------+--------+--------+-----+--------+
         Total |   2769 |   2658 |    111 |      0 |   2257 |   5 |  553.8 |
       Dungeon |   2702 |   2591 |    111 |      0 |   2202 |   4 |  675.5 |
         Abyss |     67 |     67 |      0 |      0 |     55 |   1 |   67.0 |
               +--------+--------+--------+--------+--------+-----+--------+

Top non-repeatable levels by time:
     D:1: 1028 daAuts
     D:3: 974 daAuts
     D:2: 684 daAuts
 Abyss:1: 67 daAuts
     D:4: 15 daAuts
